 Dungeon Crawl Stone Soup version 0.26.1-2-gb8aa6d0 (webtiles) character file.

Game seed: 10979088803097682904

91 Geeful the Sneak (level 4, -7/32 HPs)
             Began as an Octopode Delver on Mar 23, 2021.
             Mangled by a gnoll
             ... wielding a +0 spear
              (9 damage)
             ... on level 5 of the Dungeon.
             The game lasted 00:04:01 (815 turns).

Geeful the Sneak (Octopode Delver)                   Turns: 815, Time: 00:04:01

Health: -7/32      AC:  1    Str: 14    XL:     4   Next: 59%
Magic:  5/5        EV: 14    Int: 13    God:
Gold:   4          SH:  0    Dex: 13    Spells: 4/4 levels left

rFire    + . .     SeeInvis .   l - +7 war axe of Mana {vorpal, rF+ Str+3}
rCold    . . .     Faith    .   (no shield)
rNeg     . . .     Spirit   .   (helmet restricted)
rPois    .         Reflect  .   (no amulet)
rElec    .         Harm     .   (no ring)
rCorr    .         Rampage  .   (no ring)
Will     .....                  (no ring)
Stlth    ++++......             (no ring)
HPRegen  0.10/turn              (no ring)
MPRegen  0.09/turn              (no ring)
                                (no ring)
                                (no ring)

@: no status effects
A: almost no armour, stealthy swim, amphibious, 8 rings, constrict 8, camouflage
1, gelatinous body 1
a: no special abilities


You were on level 5 of the Dungeon.
You visited 1 branch of the dungeon, and saw 2 of its levels.

You collected 4 gold pieces.

Inventory:

Hand Weapons
 a - a +0 short sword
 l - the +7 war axe of Mana (weapon) {vorpal, rF+ Str+3}
   (You found it on level 5 of the Dungeon)

   It inflicts extra damage upon your enemies.
   It affects your strength (+3).
   It protects you from fire.
Missiles
 j - 14 poisoned darts (quivered)
Jewellery
 e - an uncursed ring of poison resistance {unknown}
Wands
 f - a wand of digging (3)
 i - a wand of polymorph (4)
Scrolls
 b - 2 scrolls of fog
 c - 2 scrolls of magic mapping
 d - a scroll of fear
 k - a scroll of noise {unknown}
Potions
 g - a potion of berserk rage {unknown}
 h - a potion of heal wounds


   Skills:
 + Level 3.6 Fighting
 - Level 2.5 Short Blades
 + Level 2.8 Dodging
 + Level 7.3 Stealth
 + Level 0.9 Spellcasting


You had 4 spell levels left.
You didn't know any spells.
Your spell library was empty.

Dungeon Overview and Level Annotations

Branches:
Dungeon (6/15)
 Temple: D:4-7

Altars:


Innate Abilities, Weirdness & Mutations

You cannot wear most types of armour.
You are very stealthy in the water. (Stealth+)
You are amphibious.
You can wear up to eight rings at the same time.
You can use your tentacles to constrict eight enemies at once.
Your skin changes colour to match your surroundings (Stealth+).
Your rubbery body absorbs attacks. (AC +1, EV +1)


Message History

* * * LOW HITPOINT WARNING * * *
The gnoll barely misses you. The gnoll closely misses you. The gnoll hits you.
* * * LOW HITPOINT WARNING * * *
It was a potion of heal wounds.
You feel much better.
You constrict the gnoll. The gnoll barely misses you.
The gnoll hits you from afar with a +0 spear.
You hit the gnoll. You grab the gnoll.
The gnoll is heavily wounded.
You hit the gnoll.
You kill the gnoll!
You constrict the gnoll.
The gnoll hits you from afar with a +0 spear!
The gnoll hits you.
* * * LOW HITPOINT WARNING * * *
You slash the gnoll!
You kill the gnoll!
The gnoll hits you from afar with a +0 spear!
* * * LOW HITPOINT WARNING * * *
The gnoll hits you from afar with a +0 spear!
You die...

#...##...##.#
#...##...##'#
#..)).....#..
#.........#..
######.........#..
#..............#..
#..g...........#..
#†.............#..
#@†(...........#..
#...##...#######..
#...########..##..
#...##....#.......
######....#.......
#.....#.......
#.....#.......
###'######'###
#........#....


You could see a gnoll.

Vanquished Creatures
  A howler monkey (D:5)
  A bullfrog zombie (D:5)
  3 gnolls (D:5)
  A leopard gecko skeleton (D:5)
6 creatures vanquished.

Vanquished Creatures (others)
  A withered plant (D:6)
1 creature vanquished.

Grand Total: 7 creatures vanquished

Notes
Turn   | Place    | Note
-------+----------+-------------------------------------------
     0 | D:5      | Geeful the Octopode Delver began the quest for the Orb.
     0 | D:5      | Reached XP level 1. HP: 16/16 MP: 1/1
     6 | D:6      | Noticed a worker ant
    39 | D:5      | Noticed a howler monkey
    52 | D:5      | Killed a howler monkey
    53 | D:5      | Reached skill level 7 in Stealth
    53 | D:5      | Reached XP level 2. HP: 16/21 MP: 2/2
    53 | D:5      | Reached XP level 3. HP: 20/26 MP: 3/3
   189 | D:5      | Noticed a phantom
   217 | D:5      | Reached XP level 4. HP: 19/31 MP: 4/4
   407 | D:6      | Noticed an ice beast
   810 | D:5      | Got a fine war axe
   811 | D:5      | Identified the +7 war axe of Mana {vorpal, rF+ Str+3} (You
                  | found it on level 5 of the Dungeon)
   812 | D:5      | HP: 1/32 [gnoll (3)]
   815 | D:5      | Mangled by a gnoll

Illustrated notes

Levels and vault maps discovered:
D:5:      layout_gridville, kennysheep_mini_moat, lightli_minifort
D:6:      layout_loops_ring, serial_undead, serial_undead_d, serial_undead_e,
          serial_undead_e, serial_undead_c, led_sif_book

Skill      XL: |  1 |
---------------+----+-----
Stealth        | 7 |  7.3
Fighting       | |  3.6
Short Blades   | |  2.5
Dodging        | |  2.8
Spellcasting   | |  0.9

Action                   |  1- 3 |  4- 6 || total
-------------------------+-------+-------++-------
Melee: Short sword       |    11 |     8 ||    19
       Tentacles         |     4 |     3 ||     7
       Constrict         |     2 |     3 ||     5
       War axe           |       |     3 ||     3
  Use: Potion            |       |     2 ||     2
Armor: Skin              |     1 |     1 ||     2
Dodge: Dodged            |     5 |    12 ||    17
